yyuooofhhhh_12, chaotic female human Rogue ---------- -------------------------------- |........| ------------ #......[.....)..................| +........| |......<...-##########|.------|--------------..-----.| |........| |..........| #|(| ...|..|...|....|.)+./|...|.|# #.........| |..........| #|.| ...|..|...|u...|..|..-...|.|# ###--.------- |..........| #|.---|----|...||------|..|...|.|# # ######## |....%.....| #|......|..|...|@|..|..|.-----|..####### # ----.------- ##-.----.|..--|--@|..|..|.|````|.|# ### ## ##|.|..-.-|--..{.f-|-|..|.*.._(|.|#########` ## # # ####|.|..|.........:...-|--.|````|.|# # -.------.- ### ####|.|----|--.----f--......|....|.|# ####...`.....| # #^## |.|..|..(|.-..|..|-|---------|.| |.^......| ## #### |.|..|..(|.|..|..|....|#.|...-.| |........| -.-------# |.|. |((.|.---|..|....|..|...|.| |........| |.......|# |.-|------..{.---------|------.| |........| |>......|# |..............................| ---------- |..^....-# -------------------------------- --------- yyuooofhhhh_12 the Rogue Experience level: 9 Strength: 18 Dexterity: 18 Constitution: 18 Intelligence: 9 Wisdom: 9 Charisma: 7 Health: 0(56) Energy: 19(19) Def: 20 Gold: 0 Moves: 15041 Dungeon seed: Ug3klSrdw62uJDVG Game ID: yyuooofhhhh_12_1556687004 Your Inventory: Amulets L - an uncursed amulet versus poison (being worn) Weapons b - 14 uncursed +0 daggers (in quiver) J - 3 uncursed poisoned +0 darts K - 9 uncursed +0 thirsty darts of frost V - a blessed +1 elven short sword (weapon in hand) X - an uncursed +0 nasty orcish dagger Armor e - an uncursed +1 pair of elven boots (being worn) q - an uncursed +0 elven shield (being worn) r - an uncursed +1 dwarvish cloak of cold immunity (being worn) O - an uncursed +0 dwarvish iron helm (being worn) Z - an uncursed +0 dwarvish mithril-coat (being worn) Comestibles M - an uncursed female lizard corpse Scrolls p - an uncursed scroll of enchant armor Rings k - an uncursed ring of free action (on right hand) t - an uncursed +7 ring of protection (on left hand) x - an uncursed ring of shock immunity y - an uncursed ring of teleport control I - an uncursed +1 ring of increase accuracy Wands a - an uncursed wand of teleportation (0:6) g - an uncursed wand of digging (0:6) j - an uncursed wand of fire (0:3) u - an uncursed wand of striking (0:3) B - an uncursed wand of slow monster (0:2) D - an uncursed wand of striking (0:3) E - an uncursed wand of make invisible (0:7) P - an uncursed wand of digging (0:6) R - an uncursed wand of sleep named sleep (0:6) T - an uncursed wand of magic missile (0:7) Tools d - an uncursed lock pick s - an uncursed +0 unicorn horn v - an uncursed magic whistle z - an uncursed towel A - an uncursed blindfold C - an uncursed pair of lenses (being worn) F - an uncursed magic lamp (lit) G - an uncursed mirror S - an uncursed magic whistle U - an uncursed stethoscope Y - an uncursed bag of holding Gems N - 2 uncursed worthless pieces of black glass Contents of the bag of holding: 2878 gold pieces the uncursed +2 Sting 3 uncursed +0 elven daggers an uncursed +0 dwarvish cloak of carrying an uncursed thoroughly rusty +0 pair of iron shoes of searching a cursed -1 pair of levitation boots an uncursed cram ration 7 uncursed food rations 2 uncursed slime molds an uncursed sprig of wolfsbane 2 uncursed tripe rations an uncursed scroll of blank paper an uncursed scroll of confuse monster a blessed scroll of destroy armor an uncursed scroll of enchant weapon an uncursed scroll of gold detection an uncursed scroll of identify a cursed scroll of identify an uncursed scroll of remove curse a cursed scroll of teleportation a blessed potion of enlightenment an uncursed potion of full healing an uncursed potion of gain ability an uncursed potion of object detection an uncursed potion of sickness 2 uncursed potions of water an uncursed wand of speed monster (0:0) an uncursed +0 unicorn horn an uncursed jasper stone 3 uncursed worthless pieces of black glass 2 uncursed worthless pieces of blue glass an uncursed worthless piece of green glass an uncursed worthless piece of orange glass 2 uncursed worthless pieces of violet glass an uncursed worthless piece of white glass Spells and supernatural/magical abilities: Name Level Category Cost Memory u - confuse monster 2 enchantment 2000pw 82% A - create familiar 3 clerical 3000pw 87% U - detect unseen 3 divination 3000pw 93% W - pray for help -- divine ? -- Your skills at the end: Fighting Skills wands [Basic] Weapon Skills dagger [Skilled] short sword [Expert] Spellcasting Skills Final Attributes: You were piously aligned. You were immune to cold. You were immune to poison. You had automatic searching. You were stealthy. You were protected. You had free action. Kos was noncommittal. You are dead. Vanquished creatures: 2 giant mimics 5 small mimics a gelatinous cube a gargoyle a tengu 3 elf mummies a carnivorous ape a Grey-elf a crocodile 3 giant beetles 2 wolves a spotted jelly 3 leprechauns an iron piercer a gnome king a dwarf mummy 3 brown puddings a rust monster an owlbear a yeti 4 Green-elves 4 lizards 2 dogs a dingo a housecat a jaguar 4 dwarf lords 2 blue jellies a white unicorn 2 gray unicorns 3 plains centaurs 2 gnome mummies a snake 3 human zombies a rope golem a Woodland-elf 2 soldier ants a fire ant 4 wood nymphs 4 water nymphs 3 mountain nymphs 9 Mordor orcs 8 Uruk-hai an orc shaman 4 rock piercers 4 rock moles 4 ponies 2 fog clouds 3 yellow lights 2 shriekers 2 violet fungi 6 gnome lords 2 gnomish wizards a kobold mummy a guardian naga hatchling 3 gray oozes an elf zombie 5 ghouls a little dog 6 floating eyes 8 dwarves 2 homunculi a kobold lord 2 kobold shamans 5 rothes 3 rabid rats 3 centipedes 7 giant bats 8 monkeys 2 orc zombies a dwarf zombie a wererat a werejackal 3 iguanas 22 killer bees 2 acid blobs a coyote 2 gas spores a hobbit 15 manes a giant rat 2 cave spiders 2 brown molds 2 yellow molds a green mold a red mold 39 gnomes a garter snake a gnome zombie 4 geckos 7 jackals 8 foxes 3 kobolds 3 goblins 7 sewer rats 4 grid bugs 6 bats 7 lichens a kobold zombie 3 newts 339 creatures vanquished. Voluntary challenges: You had been an atheist until turn 5319. You used a wielded weapon 388 times, starting on turn 97. You read items or engraved 50 times, starting on turn 2332. You never genocided any monsters. You never polymorphed an object. You never changed form. You used no wishes. You never split a pudding. You wrote Elbereth's name 17 times, starting on turn 2332. You violated your moral code, losing 29 points of alignment, starting on turn 2947. Dungeon overview: The Dungeons of Doom: levels 1 to 11 Level 1 a long staircase Level 2 a general store Level 3 a general store, a fountain Level 4 stairs to The Gnomish Mines Level 5 a scroll shop, a vault Level 6 a general store Level 7 a general store, a fountain Level 8 Level 9 many fountains Level 10 stairs to Sokoban Level 11 a fountain The Gnomish Mines: levels 5 to 8 Level 5 stairs to The Dungeons of Doom Level 6 Level 7 <- You were here a lighting shop, a temple to Kos, some fountains, a sink Level 8 Sokoban: levels 6 to 9 Level 6 Solved Level 7 Solved Level 8 Solved Level 9 Solved stairs to The Dungeons of Doom History has recorded: On T:1 you entered the Dungeons of Doom to retrieve the Amulet of Yendor! On T:493 you reached level 2 of The Dungeons of Doom. On T:495 you advanced to experience level 2. On T:820 you reached level 3 of The Dungeons of Doom. On T:2147 you advanced to experience level 3. On T:2211 you reached level 4 of The Dungeons of Doom. On T:2277 you reached level 5 of The Dungeons of Doom. On T:2341 you advanced to experience level 4. On T:2815 you reached level 6 of The Dungeons of Doom. On T:2829 you advanced to experience level 5. On T:3770 you advanced to experience level 6. On T:4228 you reached level 1 of The Gnomish Mines. On T:5142 you reached level 3 of The Gnomish Mines. On T:5163 you reached level 4 of The Gnomish Mines. On T:5213 you advanced to experience level 7. On T:7578 you reached level 8 of The Dungeons of Doom. On T:7649 you reached level 9 of The Dungeons of Doom. On T:7943 you reached level 10 of The Dungeons of Doom. On T:7958 you advanced to experience level 8. On T:8100 you reached level 11 of The Dungeons of Doom. On T:8212 you reached level 4 of Sokoban. On T:8749 you reached level 3 of Sokoban. On T:9641 you reached level 2 of Sokoban. On T:10433 you reached level 1 of Sokoban. On T:14076 you advanced to experience level 9. Score breakdown: Gold: 2878 (11767 points) Experience: 9 levels (15756 points) Exploration: 11 levels ( 22.45%) (13693 points) Discoveries: 33 items ( 10.93%) ( 9916 points) Valuables value: (no points given unless you survive) Artifact value: 0 ( 0 points) Variety of kills: 100 monsters ( 26.32%) (15389 points) Turncount: 15041 turns (-2981 points) Survival: died (score multiplied by 80%) Total score: 50832 Latest messages: The Woodland-elf swings his elven bow at the large cat. The Woodland-elf misses the large cat. You hear some noises nearby. The large cat bites the bat. The bat is killed! The Woodland-elf swings his elven bow at you. The Woodland-elf misses. You hit the Woodland-elf! The Woodland-elf swings his elven bow at you. The Woodland-elf misses. You kill the Woodland-elf! The large cat eats a male Woodland-elf corpse. The renegade priest of Mog swings his mace at you. The renegade priest of Mog hits! The renegade priest of Mog misses. The large cat bites the lizard. The lizard bites the large cat. You stop. Your warhorse is in the way! The large cat bites the lizard. The lizard misses the large cat. The lizard bites the large cat. The large cat bites the lizard. The renegade priest of Mog swings his mace at you. The renegade priest of Mog hits! You die... For some reason, you think that you can almost hear the Wizard laugh manically... Final status: Goodbye yyuooofhhhh_12 the Rogue, killed by a renegade priest of Mog... You died in The Gnomish Mines on dungeon level 7 with 50832 points, and 2878 pieces of gold, after 15041 moves. You were level 9 with a maximum of 56 hit points when you died.